 Dungeon Crawl Stone Soup version 0.23.2-1-ga50397a6bc (webtiles) character file.

Game seed: 3058057414604039184

186 Nattfarinn the Digger (level 5, -3/31 HPs)
             Began as an Octopode Earth Elementalist on June 2, 2019.
             Splashed by Ijyb's acid (9 damage)
             ... on level 4 of the Dungeon.
             The game lasted 00:06:48 (3103 turns).

Nattfarinn the Digger (Octopode Earth Elementalist) Turns: 3103, Time: 00:06:52

Health: -3/31      AC:  1    Str:  8    XL:     5   Next: 66%
Magic:  5/8        EV: 13    Int: 18    God:
Gold:   153        SH:  0    Dex: 12    Spells: 7/8 levels left

rFire    . . .     SeeInvis .   o - +2 dagger (holy)
rCold    . . .     Gourm    .   (no shield)
rNeg     . . .     Faith    .   (helmet restricted)
rPois    +         Spirit   .   (no amulet)
rElec    .         Reflect  .   r - ring of poison resistance
rCorr    .         Harm     .   (no ring)
MR       .....                  (no ring)
Stlth    +++.......             (no ring)
HPRegen  0.10/turn              (no ring)
MPRegen  0.11/turn              (no ring)
                                (no ring)
                                (no ring)

@: no status effects
A: almost no armour, stealthy swim, amphibious, 8 rings, constrict 8, camouflage
1, gelatinous body 1
a: no special abilities


You were on level 4 of the Dungeon.
You were hungry.

You visited 1 branch of the dungeon, and saw 4 of its levels.

You collected 153 gold pieces.

Inventory:

Hand Weapons
 o - a +2 dagger of holy wrath (weapon)
Missiles
 b - 52 stones (quivered)
 j - 7 javelins
Jewellery
 r - a ring of poison resistance (left tentacle)
Wands
 p - a wand of iceblast (4)
Scrolls
 d - 6 scrolls of remove curse {unknown}
 e - 5 scrolls of identify {unknown}
 i - 5 scrolls of enchant armour {unknown}
 l - 2 scrolls of random uselessness {unknown}
 m - a scroll of amnesia {unknown}
Potions
 a - a potion of brilliance {unknown}
 g - 2 potions of berserk rage {unknown}
 h - a potion of curing {unknown}
 k - 3 potions of lignification {unknown}
 n - 3 potions of heal wounds
 q - a potion of agility {unknown}
Comestibles
 c - 4 rations


   Skills:
 - Level 2.0 Dodging
 - Level 2.6 Stealth
 - Level 2.0 Spellcasting
   Level 1.0 Transmutations
 + Level 6.2 Earth Magic


You had 7 spell levels left.
You knew the following spells:

 Your Spells              Type           Power        Failure   Level  Hunger
a - Sandblast             Erth           ###...       1%          1    #......

Your spell library contained the following spells:

 Spells                   Type           Power        Failure   Level  Hunger
 Passwall                 Tmut/Erth      ##......     6%          2    ###....
 Stone Arrow              Conj/Erth      ##....       16%         3    ###....
 Lee's Rapid Deconstruct  Erth           ###.......   36%         5    ######.
 Petrify                  Tmut/Erth      ##......     38%         4    #####..


Dungeon Overview and Level Annotations

Branches:
Dungeon (4/15)
 Temple: D:4-7

Altars:
Cheibriados
Dithmenos
Elyvilon

Annotations:
D:4 Ijyb


Innate Abilities, Weirdness & Mutations

You cannot wear most types of armour.
You are very stealthy in the water. (Stealth+)
You are amphibious.
You can wear up to eight rings at the same time.
You can use your tentacles to constrict eight enemies at once.
Your skin changes colour to match your surroundings (Stealth+).
Your rubbery body absorbs attacks. (AC +1, EV +1)


Message History

Confirm with . or Enter, or press ? or * to list all spells.
Aiming: Sandblast (safe; 1% risk of failure)
Press: ? - help, Shift-Dir - straight line, f/p - Ijyb
Aim: Ijyb, wielding a +0 club, wearing a +0 scale mail and carrying a wand of acid (8)
The blast of sand hits Ijyb.
Ijyb is moderately wounded.
b - 53 stones
Casting: Sandblast (safe; 1% risk of failure)
Confirm with . or Enter, or press ? or * to list all spells.
Aiming: Sandblast (safe; 1% risk of failure)
Press: ? - help, Shift-Dir - straight line, f/p - Ijyb
Aim: Ijyb, wielding a +0 club, wearing a +0 scale mail and carrying a wand of acid (8) (moderately wounded)
The blast of sand hits Ijyb but does no damage.
Ijyb is moderately wounded.
b - 52 stones Ijyb zaps a wand.
The bolt of acid hits you!!
Ouch! That really hurt!
* * * LOW HITPOINT WARNING * * *
You are splashed with acid!
You die...

#.# #$# #.# #.# #.#
#.# #.#########<#
#.#######.......<...#
#....g@..$#########.#
#########.# #.# #.#
#.# #.# #.# .#


You could see Ijyb.

Vanquished Creatures
  Jessica (D:3)
  A hound zombie (D:3)
  Robin (D:3)
  5 adders
  3 oozes
  A dart slug (D:2)
  A leopard gecko (D:1)
  2 orcs (D:3)
  4 giant cockroaches
  21 goblins
  6 hobgoblins
  9 bats
  2 frilled lizards
  9 kobolds
  9 rats
75 creatures vanquished.

Vanquished Creatures (others)
  4 toadstools (D:1)
4 creatures vanquished.

Grand Total: 79 creatures vanquished

Notes
Turn   | Place    | Note
-------+----------+-------------------------------------------
     0 | D:1      | Nattfarinn the Octopode Earth Elementalist began the quest
                  | for the Orb.
     0 | D:1      | Reached XP level 1. HP: 11/11 MP: 3/3
   332 | D:1      | Reached XP level 2. HP: 12/17 MP: 5/5
   950 | D:1      | Reached skill level 4 in Earth Magic
  1305 | D:2      | Reached XP level 3. HP: 21/21 MP: 3/6
  1577 | D:2      | Reached XP level 4. HP: 27/27 MP: 4/7
  1631 | D:2      | Found a shadowy altar of Dithmenos.
  1931 | D:2      | Reached skill level 5 in Earth Magic
  2039 | D:2      | Found a snail-covered altar of Cheibriados.
  2267 | D:3      | Noticed Jessica
  2273 | D:3      | Killed Jessica
  2273 | D:3      | Reached XP level 5. HP: 31/31 MP: 5/8
  2527 | D:3      | Noticed Robin
  2706 | D:3      | Reached skill level 6 in Earth Magic
  2707 | D:3      | Killed Robin
  3000 | D:3      | Found a white marble altar of Elyvilon.
  3096 | D:4      | Noticed Ijyb
  3103 | D:4      | Splashed by Ijyb's acid

Skill      XL: |  1  2  3  4  5 |
---------------+----------------+-----
Earth Magic    | 4 5 6 |  6.2
Dodging        | |  2.0
Stealth        | |  2.6
Spellcasting   | |  2.0
Transmutations | |  1.0

Action                   |  1- 3 |  4- 6 || total
-------------------------+-------+-------++-------
Melee: Unarmed           |    74 |    22 ||    96
       Constrict         |    18 |     7 ||    25
       Tentacles         |     5 |     2 ||     7
       Dagger            |       |     5 ||     5
 Cast: Sandblast         |    22 |    55 ||    77
  Use: Potion            |     1 |       ||     1
 Stab: Sleeping          |     6 |     4 ||    10
  Eat: Chunk             |     2 |     5 ||     7
Armor: Skin              |    23 |     5 ||    28
Dodge: Dodged            |    63 |    30 ||    93
